 Dungeon Crawl Stone Soup version 0.15-b1-63-g828a17f (webtiles) character file.

50 Sachiko the Covered (level 3, 0/33 HPs)
             Began as a Minotaur Fighter on Aug 13, 2014.
             Was an Initiate of Okawaru.
             Killed from afar by an orc wizard (10 damage)
             ... with a puff of flame
             ... on Level 3 of the Dungeon.
             The game lasted 00:07:07 (1646 turns).

Sachiko the Covered (Minotaur Fighter)              Turns: 1646, Time: 00:07:07

HP   0/33        AC  7     Str 21      XL: 3   Next: 55%
MP   2/2         EV  7     Int  5      God: Okawaru [......]
Gold 185         SH 10     Dex  9      Spells:  0 memorised,  2 levels left

rFire  . . .     SeeInvis .     a - +0 long sword
rCold  . . .     Clarity  .     b - +0 scale mail
rNeg   . . .     rCorr    .     c - +1 shield
rPois  .         rRot     .     (helmet restricted)
rElec  .         Spirit   .     (no cloak)
SustAb .         Warding  .     (no gloves)
rMut   .         Stasis   .     (no boots)
Gourm  .                        f - amulet of rage
MR     .....                    o - cursed ring of loudness
                                m - +2 ring of slaying

@: not resistant to hostile enchantments, extremely unstealthy
A: retaliatory headbutt, horns 2
a: Renounce Religion, Evoke Berserk Rage


You were on level 3 of the Dungeon.
You worshipped Okawaru.
Okawaru was noncommittal.
You were not hungry.

You visited 1 branch of the dungeon, and saw 3 of its levels.

You collected 185 gold pieces.

Inventory:

Hand weapons
 a - a +0 long sword (weapon)
Armour
 b - a +0 scale mail (worn)
 c - a +1 shield (worn)
Comestibles
 d - 2 bread rations
 l - a beef jerky
 n - a meat ration
Scrolls
 i - 2 scrolls of identify
 k - a scroll of random uselessness {unknown}
 p - a scroll of recharging
Jewellery
 f - an amulet of rage (around neck)
 m - a +2 ring of slaying (left hand)
 o - a cursed ring of loudness (right hand)
Potions
 e - a potion of might
 g - 2 potions of curing
 h - a potion of degeneration {unknown}
 j - 3 potions of heal wounds {unknown}


   Skills:
 + Level 4.1 Fighting
 + Level 2.8 Long Blades
 + Level 4.3 Armour
 + Level 0.4 Dodging
 + Level 4.2 Shields


You had 2 spell levels left.
You didn't know any spells.

Dungeon Overview and Level Annotations

Branches:
Dungeon (3/15)

Altars:
Fedhas
Kikubaaqudgha
Okawaru
Qazlal
Sif Muna
Xom
Yredelemnul


Innate Abilities, Weirdness & Mutations

You reflexively headbutt those who attack you in melee.
You have a pair of horns on your head.


Message History

The orc wizard hits you but does no damage.
The orc wizard gestures wildly while chanting.
The orc wizard seems to speed up.
The orc wizard hits you but does no damage.
The orc wizard points at you and mumbles some strange words.
The magic dart hits you!
* * * LOW HITPOINT WARNING * * *
The orc wizard hits you with a dagger.
* * * LOW HITPOINT WARNING * * *
Drink which item? (? for menu, Esc to quit)
You feel better. You block the orc wizard's attack.
You hear some strange, mumbled words.
Something tries to affect you, but you resist.
You block the orc wizard's attack.
The orc wizard hits you but does no damage.
You block the orc wizard's attack.
There is an open door here.
You closely miss the orc wizard. The orc wizard completely misses you.
You block the orc wizard's attack. The puff of flame hits you!
You die...

#....# #.....
#....# #.....
#####....#
#.....
#........#
#.....
##.##.....#
#####.
##...##........
.
#.._..#.#......
#.8.8.#.#......
###@###.#.....
#o..##.#....
#...##.# ##
#≈§≈##.# #.>.#
#####


You could see an orc wizard.

Vanquished Creatures
  An adder (D:2)
  A giant mite (D:2)
  A worm (D:2)
  3 bats
  A giant cockroach (D:1)
  5 hobgoblins
  3 kobolds
  2 ball pythons
  A giant newt (D:3)
  5 goblins
  5 rats
28 creatures vanquished.

Notes
Turn   | Place    | Note
--------------------------------------------------------------
     0 | D:1      | Sachiko, the Minotaur Fighter, began the quest for the Orb.
     0 | D:1      | Reached XP level 1. HP: 19/19 MP: 1/1
   398 | D:1      | Reached XP level 2. HP: 25/27 MP: 1/1
   400 | D:1      | Reached skill level 4 in Armour
   755 | D:2      | Found an iron altar of Okawaru.
   766 | D:2      | Found a stormy altar of Qazlal.
   766 | D:2      | Found a basalt altar of Yredelemnul.
   927 | D:2      | Found an ancient bone altar of Kikubaaqudgha.
   927 | D:2      | Found a blossoming altar of Fedhas.
   948 | D:2      | Reached XP level 3. HP: 14/33 MP: 2/2
   952 | D:2      | Found a shimmering altar of Xom.
  1228 | D:2      | Became a worshipper of Warmaster Okawaru
  1610 | D:3      | Found a deep blue altar of Sif Muna.
  1646 | D:3      | Killed from afar by an orc wizard

Action                   || total
-------------------------++-------
Melee: Long sword        ||    74
  Use: Scroll            ||     6
       Potion            ||     1
  Eat: Chunk             ||     2
